 Dungeon Crawl Stone Soup version 0.16.1-14-g82efdee (webtiles) character file.

6489 KarvaRausku the Cleaver (level 11, -5/83 HPs)
             Began as a Human Fighter on Apr 14, 2015.
             Was a Follower of Okawaru.
             Killed from afar by Erica (13 damage)
             ... with an orb of energy
             ... on level 11 of the Dungeon.
             The game lasted 00:35:38 (11940 turns).

KarvaRausku the Cleaver (Human Fighter)            Turns: 11940, Time: 00:35:38

Health: -5/83      AC: 16    Str: 24    XL:     11   Next: 19%
Magic:  0/11       EV:  9    Int:  8    God:    Okawaru [*.....]
Gold:   434        SH:  0    Dex: 14    Spells: 0 memorised, 10 levels left

rFire  . . .     SeeInvis .     m - +2 battleaxe
rCold  . . .     Clarity  .     G - +0 plate armour
rNeg   . . .     SustAb   .     (no shield)
rPois  +         Gourm    .     (no helmet)
rElec  .         Spirit   +     u - +0 cloak
rCorr  .         Warding  .     (no gloves)
rMut   .         Stasis   .     p - +0 pair of boots
MR     .....                    s - amulet of guardian spirit
Stlth  ..........               (no ring)
                                (no ring)

@: mighty, not resistant to hostile enchantments, extremely unstealthy
A: rugged brown scales 1, poison resistance
a: Heroism, Renounce Religion


You were on level 11 of the Dungeon.
You worshipped Okawaru.
Okawaru was aware of your devotion.
You were hungry.

You visited 2 branches of the dungeon, and saw 12 of its levels.

You collected 434 gold pieces.

Inventory:

Hand weapons
 l - a +0 war axe
 m - a +2 battleaxe (weapon)
 t - a +0 flail of crushing
 D - a +0 battleaxe
 E - the +2 long sword "Vuniroi" {slice, rN+}
   (You found it on level 8 of the Dungeon)

   It inflicts extra damage upon your enemies.
   It protects you from negative energy.
Armour
 b - a +0 scale mail
 c - a +0 shield
 k - the +5 shield "Vinyigg" {MR+ Str-5 Int+3 Dex+6, unknown}
   (You acquired it on level 10 of the Dungeon)

   It affects your strength (-5).
   It affects your intelligence (+3).
   It affects your dexterity (+6).
   It affects your resistance to hostile enchantments.
 p - a +0 pair of boots (worn)
 r - a +0 large shield
 u - a +0 cloak (worn)
 y - a +0 cloak
 z - a cursed +0 leather armour
 A - a +0 chain mail
 B - a +0 chain mail
 G - a +0 plate armour (worn)
Jewellery
 s - an amulet of guardian spirit (around neck)
Magical devices
 g - a wand of fire (8)
 n - a wand of flame (8)
 L - a wand of flame (15)
 M - a wand of cold (7)
Scrolls
 j - 5 scrolls of identify
 x - a scroll of remove curse
 F - a scroll of teleportation
 J - a scroll of enchant armour {unknown}
 K - a scroll of recharging
 R - a scroll of amnesia
Potions
 f - a potion of resistance {unknown}
 h - a potion of restore abilities
 o - a potion of magic
 v - a potion of mutation
 w - a potion of cure mutation {unknown}
 H - a potion of poison {unknown}
 I - a potion of beneficial mutation {unknown}
 O - a potion of lignification {unknown}
Books
 S - a book of Party Tricks

   Spells                             Type                      Level
   a - Summon Butterflies             Summoning                    1
   b - Apportation                    Translocation                1
   c - Tukima's Dance                 Hexes                        3
   d - Alistair's Intoxication        Transmutation/Poison         4
   e - Invisibility                   Hexes                        6
Comestibles
 a - 3 meat rations
 d - 7 bread rations
 i - 2 fruits
 q - 3 beef jerkies
 C - 8 slices of pizza


   Skills:
 + Level 6.0 Fighting
 + Level 13.1 Axes
 + Level 6.3 Armour
 + Level 5.1 Dodging
 - Level 3.0 Shields


You had 10 spell levels left.
You didn't know any spells.

Dungeon Overview and Level Annotations

Branches:
Dungeon (11/15)            Temple (1/1) D:6            Lair (0/8) D:9
    Orc: D:9-12

Altars:
Ashenzari
Cheibriados
Dithmenos
Elyvilon
Fedhas
Gozag
Kikubaaqudgha
Makhleb
Nemelex Xobeh
Okawaru
Qazlal
Ru
Sif Muna
Trog
Vehumet
Xom
Yredelemnul
Zin
The Shining One

Shops:
D:5 !   D:7 }   D:9 *

Annotations:
D:10 Sonja
D:11 Erica


Innate Abilities, Weirdness & Mutations

You are partially covered in rugged brown scales (AC +1, +3% HP).
Your system is resistant to poisons.


Message History

Something burns you.
The gargoyle hurls a stone arrow at you.
The stone arrow hits you!
Found a stone staircase leading down.
Something hits you.
* * * LOW HITPOINT WARNING * * *
Something burns you.
* * * LOW HITPOINT WARNING * * *
The gargoyle closely misses you.
You slice the gargoyle!!
You destroy the gargoyle!
Your Fighting skill increases to level 6!
You feel less confused.
You hear some strange, mumbled words.
Something tries to affect you, but you resist.
Something hits you but does no damage.
You closely miss something.
You hear some strange, mumbled words.
The orb of energy hits you!
You die...

#........#
#........#
#..=.....#
#....:...#
#........#
#........#
#........#
#######.......#
#...{@#'#######
#.....'.......#
#)....#.......#
#.....#.[.....#
+...[.#..<....#
#...).#..##...#
........#####
#### ........#
........#


There were no monsters in sight!

Vanquished Creatures
  The ghost of angelmind the Tainter, an experienced FoVM of Vehumet (D:5)
  A gargoyle (D:11)
  A komodo dragon (D:9)
  A deep elf mage (D:9)
  A human (D:8)
  A wyvern (D:8)
  A yak (D:8)
  Eustachio (D:7)
  A water moccasin (D:9)
  Edmund (D:4)
  2 phantoms
  An ice beast (D:9)
  4 orc warriors
  2 black bears
  4 ogres
  A sky beast (D:9)
  A centaur (D:7)
  Sigmund (D:4)
  Duvessa (D:7)
  4 giant frogs
  A big kobold (D:10)
  Blork the orc (D:4)
  2 scorpions
  8 killer bees (D:9)
  12 wights
  Dowan (D:7)
  2 giant frog zombies
  2 quasits
  2 giant frog skeletons
  6 hounds
  3 jellies
  5 orc priests
  3 crimson imps
  5 iguanas
  7 orc wizards
  9 worker ants
  3 sheep (D:8)
  A mummy (D:9)
  14 adders
  3 giant mites
  2 shadow imps
  2 white imps (D:7)
  4 worms
  An ufetubus (D:7)
  2 adder skeletons
  2 adder zombies
  7 giant geckos
  An ooze (D:3)
  32 orcs
  3 ball pythons
  12 bats
  9 goblins
  26 hobgoblins
  14 jackals
  17 kobolds
  8 quokkas
  A ball python skeleton (D:3)
  6 giant cockroaches
  A giant gecko skeleton (D:5)
  A giant gecko zombie (D:6)
  7 giant newts
  16 rats
  3 ballistomycetes (D:9)
298 creatures vanquished.

Vanquished Creatures (others)
  A giant spore (D:9)
  A plant (D:9)
2 creatures vanquished.

Grand Total: 300 creatures vanquished

Notes
Turn   | Place    | Note
--------------------------------------------------------------
     0 | D:1      | KarvaRausku, the Human Fighter, began the quest for the Orb.
     0 | D:1      | Reached XP level 1. HP: 18/18 MP: 1/1
   144 | D:1      | Reached XP level 2. HP: 24/24 MP: 2/2
   561 | D:2      | Reached XP level 3. HP: 16/29 MP: 3/3
   852 | D:2      | Reached skill level 4 in Axes
   852 | D:2      | Reached XP level 4. HP: 24/35 MP: 4/4
  1549 | D:2      | Reached XP level 5. HP: 36/41 MP: 5/5
  1770 | D:3      | Reached skill level 5 in Axes
  2559 | D:4      | Noticed a phantom
  2589 | D:4      | Killed a phantom
  2589 | D:4      | Reached skill level 6 in Axes
  2589 | D:4      | Reached XP level 6. HP: 43/47 MP: 4/6
  2799 | D:4      | Noticed Edmund
  2824 | D:4      | Killed Edmund
  2824 | D:4      | Reached skill level 7 in Axes
  2824 | D:4      | Reached XP level 7. HP: 32/52 MP: 4/7
  2986 | D:4      | Noticed Blork the orc
  3013 | D:4      | Killed Blork the orc
  3068 | D:4      | Noticed Sigmund
  3079 | D:4      | Killed Sigmund
  3079 | D:4      | Reached skill level 8 in Axes
  3317 | D:5      | Entered Level 5 of the Dungeon
  3382 | D:5      | Noticed angelmind's ghost (experienced FoVM)
  3385 | D:5      | Found Buhibyr's Distillery.
  3441 | D:5      | Killed angelmind's ghost
  3441 | D:5      | Reached skill level 9 in Axes
  3441 | D:5      | Reached XP level 8. HP: 10/58 MP: 5/8
  3720 | D:5      | Reached skill level 10 in Axes
  4266 | D:5      | Reached XP level 9. HP: 30/63 MP: 2/9
  4675 | D:5      | Found a sacrificial altar of Ru.
  4675 | D:5      | Found a blossoming altar of Fedhas.
  5049 | D:5      | HP: 3/63 [black bear (4)]
  5050 | D:5      | Reached skill level 11 in Axes
  5779 | D:5      | HP: 2/63 [orc warrior/war axe (13)]
  6496 | D:6      | Found a sparkling altar of Nemelex Xobeh.
  6748 | D:6      | Reached skill level 12 in Axes
  6768 | D:6      | Found a staircase to the Ecumenical Temple.
  6780 | Temple   | Entered the Ecumenical Temple
  7055 | D:7      | Found Iduguw's Gadget Shoppe.
  7254 | D:7      | Noticed a troll
  7579 | D:7      | Found a shimmering altar of Xom.
  7608 | D:7      | Reached skill level 1 in Dodging
  7953 | D:7      | Noticed Eustachio
  7993 | D:7      | Killed Eustachio
  8053 | D:7      | Reached XP level 10. HP: 61/70 MP: 7/10
  8130 | D:7      | Noticed Duvessa
  8131 | D:7      | Noticed Dowan
  8135 | D:7      | Killed Duvessa
  8151 | D:7      | HP: 2/71 [Dowan/stone arrow (15)]
  8165 | D:7      | Killed Dowan
  8628 | D:8      | You fall through a shaft!
  9555 | D:9      | Reached skill level 5 in Armour
  9563 | D:9      | Reached skill level 5 in Fighting
  9569 | D:9      | Found a staircase to the Lair.
  9592 | D:9      | Found Fiypsy's General Store.
 10082 | D:7      | Found a glowing golden altar of the Shining One.
 10082 | D:7      | Found a shattered altar of Ashenzari.
 10082 | D:7      | Found an iron altar of Okawaru.
 10090 | D:7      | Became a worshipper of Warmaster Okawaru
 10462 | D:8      | Got a bloodstained long sword
 10570 | D:8      | Identified the +2 long sword "Vuniroi" {slice, rN+} (You found it on level 8 of the Dungeon)
 10884 | D:9      | Reached XP level 11. HP: 59/80 MP: 8/11
 10907 | D:9      | Acquired Okawaru's first power
 10985 | D:9      | Reached skill level 13 in Axes
 11345 | D:10     | Entered Level 10 of the Dungeon
 11722 | D:10     | Noticed Sonja
 11731 | D:10     | Noticed a cyclops
 11837 | D:10     | Identified a scroll of acquirement
 11838 | D:10     | Got a brightly glowing shield
 11918 | D:11     | Noticed Erica
 11923 | D:11     | Reached skill level 5 in Dodging
 11930 | D:11     | Gained mutation: You are partially covered in rugged brown scales (AC +1, +3% HP). [potion of mutation]
 11930 | D:11     | Gained mutation: Your system is resistant to poisons. [potion of mutation]
 11940 | D:11     | Killed from afar by Erica

Action                   |  1- 3 |  4- 6 |  7- 9 | 10-12 || total
-------------------------+-------+-------+-------+-------++-------
Melee: War axe           |    86 |   252 |   432 |       ||   770
       Battleaxe         |       |       |   122 |   386 ||   508
  Use: Potion            |       |       |     6 |     6 ||    12
       Scroll            |       |       |       |    13 ||    13
  Eat: Chunk             |       |     7 |    16 |    13 ||    36
       Fruit             |       |       |     1 |       ||     1
